 Dungeon Crawl Stone Soup version 0.27-a0-3-gcf006a40f5 (webtiles) character file.

Game seed: 5291663083998900525

2027 sokol815 the Stinger (level 9, -4/51 HPs)
             Began as an Octopode Hedge Wizard on Jan 1, 2021.
             Was an Initiate of Gozag.
             Killed by divine providence
             ... invoked by an orc priest
              (12 damage)
             ... on level 7 of the Dungeon.
             The game lasted 00:36:28 (9301 turns).

sokol815 the Stinger (Octopode Hedge Wizard)        Turns: 9301, Time: 00:36:28

Health: -4/51      AC:  3    Str:  9    XL:     9   Next: 23%
Magic:  2/13       EV: 13    Int: 18    God:    Gozag
Gold:   697        SH:  4    Dex: 13    Spells: 8/14 levels left

rFire    . . .     SeeInvis .   b - +0 rapier
rCold    . . .     Faith    .   J - +0 buckler
rNeg     . . .     Spirit   .   q - +2 hat
rPois    .         Reflect  .   (no amulet)
rElec    .         Harm     .   v - ring of resist corrosion
rCorr    +         Rampage  .   (no ring)
Will     .....                  (no ring)
Stlth    ++++......             (no ring)
HPRegen  0.17/turn              (no ring)
MPRegen  0.13/turn              (no ring)
                                (no ring)
                                (no ring)

@: no status effects
A: almost no armour, stealthy swim, amphibious, 8 rings, constrict 8, camouflage
1, gelatinous body 1
a: Renounce Religion, Potion Petition, Call Merchant, Bribe Branch


You were on level 7 of the Dungeon.
You worshipped Gozag.
Gozag was pleased with you.
You visited 2 branches of the dungeon, and saw 9 of its levels.

You collected 755 gold pieces.
You paid 58 gold pieces to Gozag.

Inventory:

Hand Weapons
 a - a +1 flail of protection
   (You took it off a gnoll on level 3 of the Dungeon)
 b - a +0 rapier (weapon)
   (You found it on level 6 of the Dungeon)
 c - a +2 hunting sling of flaming
   (You took it off a goblin on level 3 of the Dungeon)
 l - a +0 scimitar
   (You found it on level 2 of the Dungeon)
 x - a +0 trident
   (You found it on level 4 of the Dungeon)
 A - a +3 falchion
   (You found it on level 6 of the Dungeon)
 D - a +2 flail of holy wrath
   (You took it off Edmund on level 6 of the Dungeon)
Missiles
 i - 190 stones
 j - 14 poisoned darts
 n - 2 throwing nets {=f, !d}
 p - 17 sling bullets
Armour
 q - a +2 hat (worn)
 J - a +0 buckler (worn)
   (You found it on level 6 of the Dungeon)
Jewellery
 v - a ring of resist corrosion (left tentacle)
   (You found it on level 4 of the Dungeon)
Wands
 o - a wand of flame (9)
   (You found it on level 4 of the Dungeon)
 r - a wand of disintegration (16)
   (You found it on level 3 of the Dungeon)
 t - a wand of polymorph (12)
   (You found it on level 3 of the Dungeon)
 C - a wand of digging (2)
   (You took it off an orc on level 6 of the Dungeon)
 E - a wand of random effects (17)
   (You took it off Dowan on level 4 of the Dungeon)
Scrolls
 f - a scroll of fog {unknown}
 k - 3 scrolls of teleportation
 m - 4 scrolls of amnesia
 s - 3 scrolls of identify
 u - a scroll of magic mapping {!r}
 w - 2 scrolls of remove curse
 G - a scroll of vulnerability {unknown}
 H - 4 scrolls of random uselessness {unknown}
 I - a scroll of fear {unknown}
Potions
 d - a potion of attraction {!q}
 e - 4 potions of brilliance
 g - a potion of magic
 h - 4 potions of flight
 z - a potion of heal wounds
 B - a potion of cancellation
 F - a potion of curing
 K - a potion of might


   Skills:
 + Level 4.1 Short Blades
 - Level 2.5 Dodging
 - Level 5.0 Stealth
 + Level 1.4 Shields
 - Level 3.2 Spellcasting
 - Level 5.0 Conjurations
 - Level 3.9 Summonings
 - Level 1.6 Translocations
 - Level 4.7 Air Magic
 - Level 7.0 Poison Magic


You had 8 spell levels left.
You knew the following spells:

 Your Spells              Type           Power        Failure   Level
a - Magic Dart            Conj           80%          2%          1
c - Call Imp              Summ           17%          7%          2
x - Mephitic Cloud        Conj/Pois/Air  22%          7%          3

Your spell library contained the following spells:

 Spells                   Type           Power        Failure   Level
 Blink                    Tloc           N/A          17%         2
 Conjure Flame            Conj/Fire      11%          24%         3
 Slow                     Hex            2%           32%         2


Dungeon Overview and Level Annotations

Branches:
Dungeon (8/15)             Temple (1/1) D:4
   Lair: D:8-11

Altars:
Ashenzari
Cheibriados
Dithmenos
Elyvilon
Fedhas
Gozag
Makhleb
Nemelex Xobeh
Okawaru
Qazlal
Ru
Sif Muna
Trog
Uskayaw
Vehumet
Wu Jian
Yredelemnul
Zin
The Shining One

Annotations:
D:4 Menkaure
D:7 Joseph
D:8 Erica


Innate Abilities, Weirdness & Mutations

You cannot wear most types of armour.
You are very stealthy in the water. (Stealth+)
You are amphibious.
You can wear up to eight rings at the same time.
You can use your tentacles to constrict eight enemies at once.
Your skin changes colour to match your surroundings (Stealth+).
Your rubbery body absorbs attacks. (AC +1, EV +1)


Message History

Aim: an ufetubus (almost dead, 0% to evade)
The magic dart hits the ufetubus!
You kill the ufetubus!
You now have 9/13 mp.
You start resting.
Your magical contamination has completely faded away.
Aim: a worker ant The ball explodes into a vile cloud!
The stinking cloud engulfs the worker ant but does no damage.
You hear an angry hiss.
You hear a shout!
You hear an angry hiss.
The worker ant is engulfed in noxious fumes.
The worker ant appears confused.
You now have 8/13 mp.
You hit the worker ant. You grab the worker ant. You constrict the worker ant.
The worker ant is engulfed in noxious fumes.
The worker ant appears confused.
The worker ant closely misses you.
You hit the worker ant. You constrict the worker ant.
The worker ant is engulfed in noxious fumes.
The worker ant appears confused.
The worker ant closely misses you.
You hit the worker ant but do no damage.
You squeeze the worker ant.
You kill the worker ant!
You miscast Mephitic Cloud.
You are very lightly contaminated with residual magic.
Nothing appears to happen.
You now have 6/13 mp.
Aim: an iguana The ball explodes into a vile cloud!
The stinking cloud engulfs the iguana but does no damage.
The iguana is engulfed in noxious fumes.
The iguana appears confused.
You now have 3/13 mp.
The iguana is engulfed in noxious fumes.
The iguana appears confused.
The iguana is engulfed in noxious fumes.
The iguana appears confused.
The iguana bites you.
You take 6 damage, and have 28/51 hp.
You hit the iguana. Your grab misses the iguana.
The iguana is engulfed in noxious fumes.
The iguana barely misses you.
You hit the iguana but do no damage. You grab the iguana.
You constrict the iguana.
The iguana struggles to escape constriction.
You completely miss the iguana. You constrict the iguana.
The iguana becomes distracted by the nearby gold, dreaming of imaginary riches.
Your magical contamination has completely faded away.
The adder hisses angrily.
The iguana hisses angrily.
You hit the iguana.
The iguana is no longer distracted by gold.
You constrict the iguana.
The iguana struggles to escape constriction.
You hit the iguana but do no damage. You constrict the iguana.
The iguana bites you.
You take 5 damage, and have 24/51 hp.
You catch the helpless iguana completely off-guard!
You puncture the iguana!
You kill the iguana!
Aim: an adder The ball explodes into a vile cloud!
The stinking cloud engulfs the adder but does no damage.
You hear an angry hiss.
You hear a shout! x2
The adder is engulfed in noxious fumes.
The adder appears confused.
You now have 2/13 mp.
Aim: an adder (noxious fumes, confused, 0% to evade)
The magic dart hits the adder.
The adder is engulfed in noxious fumes.
The adder appears confused.
You now have 1/13 mp.
Aim: an adder (noxious fumes, heavily wounded, confused, 0% to evade)
The magic dart hits the adder.
The adder is engulfed in noxious fumes.
The adder appears confused.
You now have 0/13 mp.
You closely miss the adder. You grab the adder. You constrict the adder.
The adder bites you but does no damage.
You hit the adder.
You kill the adder!
You now have 691 gold pieces (gained 5).
You now have 697 gold pieces (gained 6).
You see here 6 gold pieces.
There is a stone staircase leading up here.
You climb upwards. 3 orcs, an orc warrior, 2 orc priests and Joseph come into view.
The orc priest shouts!
The orc shouts!
The orc priest shouts!
Joseph shouts!
The orc shouts! x2
The orc priest mumbles some strange prayers to Beogh against you.
Beogh smites you!
The orc warrior shouts!
There is a stone staircase leading down here.
You take 7 damage, and have 20/51 hp.
The orc priest mumbles some strange prayers to Beogh against you.
Beogh smites you!
* * * LOW HITPOINT WARNING * * *
You take 12 damage, and have 8/51 hp.
MASSIVE DAMAGE!!
Really read
y - a scroll of blinking {!r}?
Blink to where?
As you read the scroll of blinking {!r}, it crumbles to dust.
The orc priest mumbles some strange prayers to Beogh against you.
Beogh smites you!
You die...
Your body crumbles into a pile of gold.

### # ..#
#. #.####
.##.#..
.>.#.###
#......#
#......#
#@....###
#..(....#
#.......#
#.......#
#.......###
#....(@.$.#
#.........#
#...§ooo..#
####.o..o.#


You could see Joseph, 2 orc priests and an orc.

Vanquished Creatures
  Sigmund (D:6)
  Edmund (D:6)
  2 phantoms
  An ice beast (D:5)
  3 ogres
  2 centaurs
  2 bullfrogs (D:6)
  A wyvern zombie (D:6)
  3 scorpions (D:6)
  A howler monkey (D:5)
  3 orc priests (D:6)
  2 orc wizards (D:4)
  A hound (D:4)
  A bullfrog skeleton (D:4)
  An iguana (D:8)
  Terence (D:2)
  5 worker ants
  A worker ant zombie (D:5)
  9 adders
  3 gnolls (D:3)
  A shadow imp (D:6)
  2 white imps
  3 ufetubi
  2 oozes (D:3)
  4 worms
  4 dart slugs
  4 leopard geckos
  9 orcs
  3 bats (D:2)
  4 giant cockroaches
  7 goblins
  6 hobgoblins
  5 quokkas
  2 ball pythons
  7 frilled lizards
  8 kobolds
  7 rats
122 creatures vanquished.

Vanquished Creatures (collateral kills)
  Duvessa (D:4)
  Dowan (D:4)
  3 gnolls (D:6)
  An ufetubus (D:6)
6 creatures vanquished.

Vanquished Creatures (others)
  23 plants
23 creatures vanquished.

Grand Total: 151 creatures vanquished

Notes
Turn   | Place    | Note
-------+----------+-------------------------------------------
     0 | D:1      | sokol815 the Octopode Hedge Wizard began the quest for the
                  | Orb.
     0 | D:1      | Reached XP level 1. HP: 11/11 MP: 4/4
   209 | D:1      | Reached skill level 3 in Stealth
   295 | D:1      | Reached XP level 2. HP: 13/17 MP: 4/6
   985 | D:2      | Reached XP level 3. HP: 21/21 MP: 4/7
  1144 | D:2      | Xolotl: what is
  1197 | D:2      | Xolotl: is this a graphics filter
  1200 | D:2      | Xolotl: what am i seeing
  1210 | D:2      | Noticed Terence
  1211 | D:2      | Xolotl: are my eyes broken
  1432 | D:1      | HP: 4/21 [worm (8)]
  1684 | D:1      | sokol815: haha
  1684 | D:1      | sokol815: hey man
  1705 | D:1      | Xolotl: everything lookes like some sort of upscaled pixel
                  | image
  1705 | D:1      | Xolotl: I hate it
  1705 | D:1      | sokol815: do you usually play in ascii mode?
  1709 | D:1      | Xolotl: no
  1712 | D:1      | Xolotl: tiles
  1776 | D:1      | sokol815: I haven't noticed any graphics differences
  2161 | D:2      | Reached XP level 4. HP: 27/27 MP: 2/8
  2162 | D:2      | sokol815: omg! how did I not focus training...
                  | embarrassing.
  2440 | D:2      | Xolotl: nah i've done that too
  2494 | D:2      | Xolotl: I once accidentally focused dodge for like lvl 3-6
  2494 | D:2      | sokol815: haha
  2494 | D:2      | Xolotl: no offensive skills
  2516 | D:2      | Killed Terence
  2517 | D:2      | Reached skill level 2 in Conjurations
  2775 | D:2      | Xolotl: they changed the graphics
  2818 | D:2      | Xolotl: its like some sort of anti-alias smoothing
  2818 | D:2      | Xolotl: you can't see the pixel edges
  2818 | D:2      | sokol815: weid.
  2818 | D:2      | sokol815: weird*
  2839 | D:3      | Xolotl: problem being
  2926 | D:2      | Xolotl: I like seeing pixels
  2933 | D:2      | Xolotl: I prefer it a lot
  3261 | D:3      | Reached skill level 3 in Conjurations
  3261 | D:3      | Reached XP level 5. HP: 31/31 MP: 0/9
  3861 | D:3      | sokol815: wow. this is the crappiest wizard I have ever
                  | played. lol.
  3877 | D:3      | Xolotl: is it wizard or hedge wizard
  3877 | D:3      | sokol815: hedge wizard
  3940 | D:3      | Xolotl: they have hybrid stats
  3940 | D:3      | sokol815: yeah. I don't have any hedge wizard wins, yet.
  4053 | D:3      | Xolotl: I have an ogre and draconian I think
  4336 | D:3      | Xolotl: whoever did these graphics is a fucking lunatic
  4341 | D:3      | sokol815: lol
  4411 | D:4      | Noticed Duvessa
  4456 | D:4      | Noticed an ogre
  4508 | D:4      | Reached skill level 4 in Conjurations
  4534 | D:4      | Noticed a phantom
  4568 | D:4      | Killed a phantom
  4569 | D:4      | Reached skill level 5 in Conjurations
  4569 | D:4      | Xolotl: my advice is grab a rapier and start stabbin
  4569 | D:4      | Xolotl: get like 17 dex
  4569 | D:4      | Reached XP level 6. HP: 30/36 MP: 1/10
  4575 | D:4      | Learned a level 3 spell: Mephitic Cloud
  4575 | D:4      | Xolotl: use the summons and noxious fumes
  4664 | D:4      | Reached skill level 4 in Stealth
  4666 | D:4      | HP: 6/36 [orc/+0 hand axe (4)]
  4672 | D:4      | Reached skill level 1 in Short Blades
  4672 | D:4      | Reached skill level 1 in Poison Magic
  5048 | D:4      | Noticed Menkaure
  5123 | D:4      | Xolotl: remember when you could flame tongue a mephitic
                  | cloud
  5126 | D:4      | Reached skill level 1 in Air Magic
  5126 | D:4      | sokol815: good ol' days.
  5201 | D:4      | Found a staircase to the Ecumenical Temple.
  5210 | Temple   | Entered the Ecumenical Temple
  5380 | Temple   | Became a worshipper of Gozag Ym Sagoz the Greedy
  5399 | D:4      | Noticed Dowan
  5402 | D:4      | Reached XP level 7. HP: 28/41 MP: 6/11
  5555 | D:4      | Reached skill level 2 in Poison Magic
  5744 | D:5      | Entered Level 5 of the Dungeon
  5826 | D:5      | Reached skill level 2 in Short Blades
  5826 | D:5      | Reached skill level 5 in Stealth
  6076 | D:5      | Reached skill level 2 in Air Magic
  6317 | D:5      | You fall into a shaft and drop 1 floor!
  6353 | D:6      | Reached skill level 3 in Poison Magic
  6664 | D:5      | Found a stormy altar of Qazlal.
  6835 | D:6      | Reached skill level 4 in Poison Magic
  6835 | D:6      | Reached XP level 8. HP: 37/46 MP: 7/12
  6991 | D:6      | Xolotl: alright nice catching ya bud
  6992 | D:6      | Xolotl: catch ya later
  6992 | D:6      | sokol815: you too, man. happy new year
  6997 | D:6      | Xolotl: yeah happy new one
  6998 | D:6      | Xolotl: might be tourney soon
  6998 | D:6      | Xolotl: maybe i'll play
  6998 | D:6      | sokol815: yeah, jan 8th
  7002 | D:6      | Reached skill level 3 in Short Blades
  7015 | D:6      | Noticed Edmund
  7027 | D:6      | Killed Edmund
  7028 | D:6      | Reached skill level 3 in Air Magic
  7028 | D:6      | Reached skill level 5 in Poison Magic
  7035 | D:6      | Noticed Sigmund
  7064 | D:6      | Killed Sigmund
  7226 | D:6      | Reached skill level 6 in Poison Magic
  7407 | D:6      | Found a hide-covered altar of Uskayaw.
  7407 | D:6      | Found a shadowy altar of Dithmenos.
  7407 | D:6      | Found a glowing silver altar of Zin.
  7407 | D:6      | Found a white marble altar of Elyvilon.
  7434 | D:6      | Xolotl: yeah
  7435 | D:6      | Xolotl: im lying down now
  7435 | D:6      | Xolotl: to think about murder
  7435 | D:6      | sokol815: just don't murder on am empty stomach. lol.
  7435 | D:6      | Xolotl: and what it will take to stop me
  7435 | D:6      | Xolotl: oh yeah
  7435 | D:6      | Xolotl: that to
  7435 | D:6      | Xolotl: later
  7435 | D:6      | sokol815: cya
  7438 | D:6      | Reached skill level 4 in Air Magic
  7609 | D:5      | Reached skill level 7 in Poison Magic
  7612 | D:5      | Learned a level 2 spell: Call Imp
  7688 | D:4      | Reached skill level 2 in Summonings
  7704 | D:4      | Killed Dowan
  7717 | D:4      | Killed Duvessa
  8020 | D:6      | Reached skill level 3 in Summonings
  8020 | D:6      | Reached XP level 9. HP: 45/51 MP: 7/13
  8094 | D:6      | Found a basalt altar of Yredelemnul.
  8094 | D:6      | Found a sparkling altar of Nemelex Xobeh.
  9033 | D:7      | Reached skill level 4 in Short Blades
  9212 | D:8      | Reached skill level 1 in Shields
  9215 | D:8      | Noticed Erica
  9299 | D:7      | Noticed Joseph
  9300 | D:7      | HP: 8/51 [orc priest/divine providence (12)]
  9301 | D:7      | Killed from afar by an orc priest

Illustrated notes

Levels and vault maps discovered:
D:1:      wander_arrival_fairy_ring, layout_basic
D:2:      layout_basic, uniq_terence
D:3:      layout_basic, serial_bayou, serial_bayou_pond_a, serial_bayou_lake_a,
          serial_bayou_pond_c, serial_bayou_pond_d
D:4:      kennysheep_six_static_rooms, layout_basic,
          minmay_temple_entry_purple_smoke, uniq_duvessa, uniq_menkaure
D:5:      layout_basic, nicolae_qazlal_eye_of_the_storm
D:6:      layout_loops_cross, minmay_overflow_temple_hex,
          sigmund_edmund_badplayer
D:7:      layout_basic, uniq_joseph
D:8:      layout_rooms, basic_altar, uniq_erica
Temple:   hc_temple_tempest_star

Skill      XL: |  1  2  3  4  5  6  7  8  9 |
---------------+----------------------------+-----
Stealth        | 3 4 5 |  5.0
Conjurations   | 3 5 |  5.0
Short Blades   | 1 2 3 4 |  4.1
Poison Magic   | 1 4 7 |  7.0
Air Magic      | 1 2 4 |  4.7
Summonings     | 3 |  3.9
Shields        | 1 |  1.4
Dodging        | |  2.5
Spellcasting   | |  3.2
Translocations | |  1.6

Action                   |  1- 3 |  4- 6 |  7- 9 || total
-------------------------+-------+-------+-------++-------
Melee: Dagger            |    61 |    37 |    60 ||   158
       Tentacles         |    13 |    18 |    22 ||    53
       Constrict         |    17 |    19 |    33 ||    69
       Flail             |       |    34 |    39 ||    73
       Rapier            |       |       |    70 ||    70
 Fire: Hunting sling     |       |    24 |       ||    24
Throw: Dart              |    12 |    18 |       ||    30
 Cast: Magic Dart        |    76 |    90 |    32 ||   198
       Mephitic Cloud    |       |       |    26 ||    26
       Call Imp          |       |       |    13 ||    13
  Use: Scroll            |     7 |     5 |     8 ||    20
       Potion            |       |     1 |     1 ||     2
 Stab: Sleeping          |     2 |     3 |     6 ||    11
       Confused          |       |       |    14 ||    14
Armor: Skin              |     6 |     9 |    21 ||    36
Dodge: Dodged            |    42 |    45 |    90 ||   177
Block: Buckler           |       |       |     2 ||     2

Table legend: (Time is in decaauts)
 A = Elapsed time spent in this place.
 B = Non-inter-level travel time spent in this place.
 C = Inter-level travel time spent in this place.
 D = Time resting spent in this place.
 E = Time spent auto-exploring this place.
 F = Levels seen in this place.
 G = Mean time per level.
                   A        B        C        D        E       F      G
               +--------+--------+--------+--------+--------+-----+--------+
         Total |   9332 |   8889 |    443 |   2239 |   4861 |   9 | 1036.9 |
       Dungeon |   9149 |   8718 |    431 |   2239 |   4699 |   8 | 1143.6 |
        Temple |    182 |    170 |     12 |      0 |    162 |   1 |  182.0 |
               +--------+--------+--------+--------+--------+-----+--------+

Top non-repeatable levels by time:
     D:6: 1795 daAuts
     D:3: 1560 daAuts
     D:1: 1556 daAuts
     D:2: 1374 daAuts
     D:4: 1308 daAuts
     D:5: 1186 daAuts
     D:7: 256 daAuts
  Temple: 182 daAuts
     D:8: 110 daAuts

Table legend:
 A = Kills in this place as a percentage of kills in entire the game.
 B = Kills by you in this place as a percentage of kills by you in the entire game.
 C = Kills by friends in this place as a percentage of kills by friends in the entire game.
 D = Other kills in this place as a percentage of other kills in the entire game.
 E = Experience gained in this place as a percentage of experience gained in the entire game.
 F = Experience gained in this place divided by the number of levels of this place that you have seen.
                   A       B       C       D       E      F
               +-------+-------+-------+-------+-------+----------------------
         Total | 100.0 | 100.0 | 100.0 |   N/A | 100.0 | 321.9
       Dungeon | 100.0 | 100.0 | 100.0 |   N/A | 100.0 | 362.1
               +-------+-------+-------+-------+-------+----------------------
